Map: Eternal Empire LE

Players

AGOElazer (Elazer) - Winner!

  • Race: Zerg Zerg
  • League: Grandmaster
  • Spawn Location: 7:00

Namshar

  • Race: Zerg Zerg
  • League: Grandmaster
  • Spawn Location: 1:00

Event: StayAtHomestory Cup #1

VOD

Have the link to the VOD?

Description

Time

  • Played on: April 10, 2020, 7:14 a.m.
  • Length: 7:35

All games in this series

Show
View Real Time Build Order
Export as new Build Order

AGOElazer Zerg - Winner!

Build Orders: Hatch First 

Get SALT Encoding   

  12  0:00  Drone  
  13  0:12  Overlord  
  13  0:17  Drone  
  14  0:31  Drone x2  
  16  0:48  Hatchery  
  15  0:51  Drone  
  15  0:55  Drone  
  17  0:57  Drone  
  18  1:08  Extractor  
  17  1:13  Spawning Pool  
  17  1:17  Drone  
  17  1:20  Drone  
  18  1:28  Drone  
  19  1:39  Drone  
  20  1:50  Drone  
  21  1:59  Queen  
  21  2:00  Queen, Drone  
  21  2:01  Overlord  
  26  2:08  Metabolic Boost  
  26  2:10  Drone  
  26  2:12  Zergling x2  
  28  2:22  Drone x2  
  30  2:32  Drone  
  30  2:35  Hatchery  
  30  2:41  Drone  
  30  2:42  Drone  
  32  2:45  Overlord  
  32  2:54  Drone x2  
  35  3:05  Zergling x4  
  35  3:08  Zergling x12  
  42  3:13  Queen  
  42  3:18  Overlord  
  44  3:24  Roach Warren  
  43  3:31  Drone  
  44  3:38  Drone x2  
  44  3:39  Drone x2  
  48  3:41  Overlord  
  48  3:43  Drone x2  
  48  3:45  Drone  
  48  3:48  Drone  
  52  3:52  Drone x2  
  53  3:57  Zergling x4  
  54  4:03  Zergling x4  
  54  4:09  Zergling x4  
  55  4:13  Extractor  
  55  4:16  Drone x3  
  57  4:17  Evolution Chamber  
  57  4:20  Roach x3  
  62  4:28  Overlord  
  62  4:30  Drone  
  62  4:31  Drone x4  
  65  4:34  Lair  
  65  4:45  Drone x2  
  65  4:48  Zerg Missile Weapons Level 1  
  65  4:52  Drone x7  
  73  4:54  Drone  
  74  5:02  Drone x3  
  74  5:06  Overlord  
  72  5:10  Overlord  
  72  5:12  Extractor  
  72  5:13  Extractor  
  72  5:14  Extractor, Overlord  
  70  5:17  Roach x2  
  73  5:24  Overlord  
  73  5:25  Roach x4  
  73  5:27  Overlord  
  81  5:32  Glial Reconstitution  
  81  5:35  Roach x5  
  91  5:39  Overlord  
  91  5:41  Overlord  
  91  5:51  Roach  
  91  5:52  Roach x2  
  91  5:53  Nydus Network, Drone  
  91  5:54  Drone  
  98  5:58  Overlord  
  98  5:59  Roach x2  
  101  6:08  Roach x5  
  101  6:09  Overseer  
  110  6:17  Roach x4  
  118  6:22  Roach x2  
  122  6:28  Roach  
  122  6:29  Roach x2  
  128  6:32  Nydus Canal  
  128  6:35  Overlord  
  128  6:38  Roach  
  128  6:39  Roach x3  
  136  6:41  Roach  
  138  6:54  Roach  
  138  6:55  Roach x3  
  138  6:57  Nydus Canal  
  146  7:06  Roach x6  
  146  7:07  Roach  
  146  7:08  Roach  
  146  7:10  Roach  
  146  7:11  Roach  
  146  7:14  Roach x2  
  146  7:28  Nydus Canal  
Show
View Real Time Build Order
Export as new Build Order

Namshar Zerg 

Build Orders: Hatch First 

Get SALT Encoding   

  12  0:00  Drone  
  13  0:12  Overlord  
  13  0:17  Drone  
  14  0:30  Drone x2  
  16  0:48  Hatchery  
  15  0:51  Drone  
  15  0:55  Drone  
  17  0:58  Drone  
  18  1:09  Extractor  
  17  1:13  Spawning Pool  
  17  1:16  Drone  
  17  1:20  Drone  
  18  1:28  Drone  
  19  1:38  Drone  
  20  1:49  Drone  
  21  2:00  Drone, Queen x2  
  21  2:01  Overlord  
  26  2:09  Metabolic Boost  
  26  2:11  Drone  
  26  2:12  Drone  
  28  2:22  Drone x2  
  30  2:32  Drone x2  
  32  2:37  Hatchery  
  32  2:43  Drone  
  32  2:45  Baneling Nest  
  32  2:47  Zergling x2  
  32  2:54  Overlord  
  32  2:57  Drone  
  33  3:05  Zergling x2  
  34  3:09  Drone x2  
  34  3:12  Queen  
  38  3:13  Drone x2  
  38  3:14  Zergling x2  
  38  3:18  Overlord  
  41  3:22  Drone  
  41  3:23  Zergling x2  
  41  3:25  Overlord  
  43  3:29  Baneling  
  43  3:30  Baneling  
  43  3:36  Baneling  
  43  3:42  Evolution Chamber  
  43  3:43  Zergling x2  
  43  3:44  Zergling x2  
  43  3:45  Drone x6  
  50  3:53  Zergling x6  
  49  4:05  Lair  
  49  4:08  Drone x4  
  52  4:12  Baneling x2  
  52  4:16  Overlord  
  53  4:17  Drone x3  
  53  4:20  Extractor  
  53  4:21  Extractor, Drone  
  54  4:30  Drone x5  
  58  4:36  Queen  
  60  4:42  Baneling  
  60  4:45  Baneling  
  60  4:47  Extractor, Drone  
  60  4:48  Drone x6  
  60  4:49  Extractor  
  65  4:53  Roach Warren  
  63  5:05  Drone  
  63  5:06  Drone x4  
  67  5:13  Zerg Missile Weapons Level 1  
  67  5:18  Overlord  
  67  5:20  Drone  
  68  5:24  Drone x2  
  68  5:25  Drone x2, Overlord  
  68  5:26  Overlord x2  
  68  5:27  Drone  
  73  5:32  Glial Reconstitution  
  73  5:38  Roach x4  
  81  5:44  Roach  
  81  5:45  Roach x5  
  92  6:05  Extractor  
  92  6:09  Roach x7  
  92  6:10  Overlord x2  
  105  6:15  Hatchery  
  104  6:19  Spire  
  103  6:27  Roach  
  103  6:28  Overlord x2  
  105  6:34  Roach x7  
  105  6:39  Overlord x2  
  120  6:43  Overlord x2  
  120  6:44  Ravager  
  121  6:49  Roach  
  121  6:51  Roach x4  
  121  6:53  Ravager x2  
  121  6:54  Ravager  
  134  6:58  Roach x3  
  138  7:07  Roach x4  
  128  7:10  Roach  
  128  7:14  Roach  
Tags
 
Add a new tag
Caveats
  • Supply blocks, unpowered buildings, or Contaminate may cause inaccurate times.
  • Supply counts are checked every 10 seconds.